 Dungeon Crawl Stone Soup version 0.28.0 (webtiles) character file.

Game seed: 17794731886768704948

142 Sanktem7 the Skirmisher (level 5, -6/48 HPs)
             Began as a Minotaur Fighter on Feb 18, 2022.
             Mangled by a gnoll (17 damage)
             ... on level 3 of the Dungeon.
             The game lasted 00:02:32 (2176 turns).

Sanktem7 the Skirmisher (Minotaur Fighter)          Turns: 2176, Time: 00:02:34

Health: -6/48      AC:  7    Str: 22    XL:     5   Next: 3%
Magic:  4/4        EV:  9    Int:  5    God:
Gold:   90         SH:  4    Dex: 10    Spells: 4/4 levels left

rFire   . . .      SeeInvis .   a - +0 war axe
rCold   . . .      Faith    .   c - +0 buckler
rNeg    . . .      Spirit   .   b - +0 scale mail
rPois   .          Reflect  .   (helmet restricted)
rElec   .          Harm     .   (no cloak)
rCorr   .          Rampage  .   (no gloves)
Will    .....                   (no boots)
Stlth   ..........              (no amulet)
HPRegen 0.16/turn               (no ring)
MPRegen 0.09/turn               (no ring)

@: no status effects
A: horns 2, retaliatory headbutt
a: no special abilities


You were on level 3 of the Dungeon.
You visited 1 branch of the dungeon, and saw 3 of its levels.

You collected 90 gold pieces.

Inventory:

Hand Weapons
 a - a +0 war axe (weapon)
Armour
 b - a +0 scale mail (worn)
 c - a +0 buckler (worn)
Jewellery
 f - a ring of flight
 o - a +6 ring of strength
Wands
 l - a wand of paralysis (1)
Scrolls
 e - a scroll of noise {unknown}
 j - 2 scrolls of identify {unknown}
 k - a scroll of magic mapping {unknown}
 m - a scroll of blinking {unknown}
 p - a scroll of vulnerability {unknown}
Potions
 d - 2 potions of might
 g - 2 potions of curing {unknown}
 h - a potion of attraction {unknown}
 i - a potion of haste {unknown}
 n - a potion of mutation {unknown}


   Skills:
 * Level 5.0 Fighting
 * Level 4.3 Axes
 * Level 4.6 Armour
 + Level 0.9 Dodging
 - Level 3.6 Shields


You had 4 spell levels left.
You didn't know any spells.
Your spell library was empty.

Dungeon Overview and Level Annotations

Branches:
Dungeon (3/15)

Altars:

Shops:
D:3 =


Innate Abilities, Weirdness & Mutations

You have a pair of horns on your head.
You reflexively headbutt those who attack you in melee.


Message History

Done exploring.
You can't go up here!
You climb downwards.
You block the gnoll's attack.
There is a stone staircase leading up, spattered with blood here.
You hit the gnoll but do no damage.
The gnoll hits you with a +1 whip of electrocution.
The gnoll hits you but does no damage.
You hit the gnoll shaman. You headbutt the gnoll shaman.
The gnoll shaman is moderately wounded.
You hit the gnoll but do no damage.
The gnoll shaman hits you with a +0 whip.
The gnoll hits you with a +1 whip of electrocution.
The gnoll misses you. The gnoll shaman closely misses you.
You closely miss the gnoll shaman.
The gnoll shaman is moderately wounded.
You hit the gnoll but do no damage. You hit the gnoll.
The gnoll hits you with a +0 whip. You block the gnoll's attack.
The gnoll hits you from afar with a +0 halberd!
The gnoll shaman hits you but does no damage.
You block the gnoll's attack.
You slash the gnoll!
You headbutt the gnoll, but do no damage.
The gnoll is almost dead.
You slash the gnoll shaman! You slash the gnoll!
You kill the gnoll!
The gnoll hits you with a +1 whip of electrocution!
The gnoll closely misses you.
The gnoll enters a dispersal trap!
The gnoll shaman blinks!
The gnoll blinks!
You blink.
The gnoll barely misses you.
You slash the gnoll!
You kill the gnoll!
Your Fighting skill increases to level 5!
You have reached level 5!
Found 28 gold pieces, 23 stones and a large jasper amulet.
The gnoll shaman hits you with a +0 whip.
* * * LOW HITPOINT WARNING * * *
The gnoll hits you with a +1 whip of electrocution.
* * * LOW HITPOINT WARNING * * *
You are electrocuted!
You die...

...## .### .# .# # .#
#### #. .#+##..# #.####
####. .....ยง.#
#..>.####......
.......########.......#.
.......##...)..g@.......#
......g......<.g..#######
..........######...#
......?##.# ###...
......###.# #..# .......
#.# #.#8. ######. ..#
.#$$ # ### #("


You could see a gnoll shaman and a gnoll.

Vanquished Creatures
  5 adders
  3 gnolls
  A dart slug (D:1)
  3 ball pythons
  9 endoplasms
  2 giant cockroaches
  4 goblins
  3 hobgoblins
  8 jackals (D:1)
  9 kobolds
  4 quokkas
  3 bats
  3 frilled lizards
  8 rats
65 creatures vanquished.

Notes
Turn   | Place    | Note
-------+----------+-------------------------------------------
     0 | D:1      | Sanktem7 the Minotaur Fighter began the quest for the Orb.
     0 | D:1      | Reached XP level 1. HP: 19/19 MP: 0/0
    56 | D:1      | Reached XP level 2. HP: 27/27 MP: 1/1
    57 | D:1      | Reached skill level 4 in Fighting
   319 | D:1      | Reached XP level 3. HP: 31/34 MP: 2/2
   576 | D:1      | Found a faded altar of an unknown god.
   890 | D:2      | Reached XP level 4. HP: 28/41 MP: 3/3
  1835 | D:3      | Found Imeweoz's Jewellery Shop.
  2176 | D:3      | Reached skill level 5 in Fighting
  2176 | D:3      | Reached XP level 5. HP: 18/48 MP: 4/4
  2176 | D:3      | Mangled by a gnoll

Illustrated notes

Levels and vault maps discovered:
D:1:      saegor_arrival_simple_a, layout_loops_cross, basic_ecumenical_altar,
          corexii_corridor_pit, nicolae_grassy_gnolls
D:2:      layout_basic
D:3:      minmay_recursive_quarters, layout_rooms,
          nemelex_xobeh_ov_fountains_minmay, gammafunk_temple_overflow_arena,
          serial_shops, nicolae_shop_temple_entry_statues_fountains,
          kennysheep_nondescript

Skill      XL: |  1  2  3  4 |
---------------+-------------+-----
Fighting       | 4 5 |  5.0
Armour         | 4 |  4.6
Axes           | 3 4 |  4.3
Dodging        | |  0.9
Shields        | |  3.6

Action                   |  1- 3 |  4- 6 || total
-------------------------+-------+-------++-------
Melee: War axe           |    71 |    60 ||   131
       Headbutt          |     9 |     7 ||    16
Armor: Scale mail        |    41 |    25 ||    66
Dodge: Dodged            |    41 |    39 ||    80
Block: Buckler           |    15 |    21 ||    36
